 Dungeon Crawl Stone Soup version 0.21-a0-153-g78480df (webtiles) character file.

2313 qqqbard the Cruncher (level 9, -8/55 HPs)
             Began as a Gargoyle Gladiator on July 27, 2017.
             Was an Initiate of Okawaru.
             Collided with a rock wall (10 damage)
             ... caused by baroncrow's ghost
             ... on level 8 of the Dungeon on July 31, 2017.
             The game lasted 00:10:28 (6313 turns).

qqqbard the Cruncher (Gargoyle Gladiator)           Turns: 6313, Time: 00:10:29

Health: -8/55      AC: 21    Str: 19    XL:     9   Next: 41%
Magic:  9/9        EV: 11    Int:  8    God:    Okawaru [......]
Gold:   428        SH:  3    Dex: 14    Spells: 8/8 levels left

rFire    + . .     SeeInvis .   a - +1 quarterstaff
rCold    . . .     Gourm    .   (shield currently unavailable)
rNeg     + . .     Faith    .   h - +1 plate armour
rPois    ∞         Spirit   .   c - +0 helmet
rElec    +         Reflect  +   v - +0 cloak
rCorr    .         Harm     .   (no gloves)
MR       .....                  (no boots)
Stlth    ..........             q - +3 amulet of reflection
HPRegen  0.18/turn              p - +3 ring of evasion
MPRegen  0.11/turn              s - ring of protection from fire

@: no status effects
A: negative energy resistance 1, electricity resistance, unbreathing,
petrification resistance, rot immunity, AC +5
a: Renounce Religion


You were on level 8 of the Dungeon.
You worshipped Okawaru.
Okawaru was noncommittal.
You were near starving.

You visited 2 branches of the dungeon, and saw 9 of its levels.

You collected 428 gold pieces.

Inventory:

Hand Weapons
 a - a +1 quarterstaff (weapon)
Missiles
 d - 5 throwing nets (quivered)
Armour
 c - a +0 helmet (worn)
 h - a +1 plate armour (worn)
 v - a +0 cloak (worn)
Jewellery
 p - a +3 ring of evasion (left hand)
 q - a +3 amulet of reflection (around neck)
 s - a ring of protection from fire (right hand)
 u - an uncursed ring of ice {unknown}
 y - an uncursed ring of flight {unknown}
 B - the amulet "Buocia" {Spirit *Corrode rC++ Int+5, unknown}
   (You found it on level 6 of the Dungeon)

   [amulet of guardian spirit]

   It causes incoming damage to be split between your health and magic.
   It affects your intelligence (+5).
   It greatly protects you from cold.
   It may corrode you when you take damage.
 C - an uncursed ring of resist corrosion {unknown}
Wands
 r - a wand of scattershot (7/9)
 F - a wand of polymorph (14/24)
 J - a wand of iceblast (8/15)
 M - a wand of paralysis (9/24)
Scrolls
 i - 2 scrolls of remove curse
 j - a scroll of enchant weapon
 m - 2 scrolls of amnesia
 z - a scroll of teleportation
 A - a scroll of magic mapping
 H - 3 scrolls of identify
 I - a scroll of recharging {unknown}
 K - a scroll of blinking
Potions
 e - 3 potions of brilliance {unknown}
 g - 4 potions of mutation {unknown}
 k - a potion of might {unknown}
 l - a potion of lignification {unknown}
 o - 3 potions of curing {unknown}
 t - 4 potions of haste {unknown}
 w - a potion of invisibility {unknown}
 E - a potion of ambrosia {unknown}
 G - a potion of flight {unknown}
Books
 n - a book of Necromancy

   Spells                             Type                      Level
   a - Pain                           Necromancy                   1
   b - Animate Skeleton               Necromancy                   1
   c - Vampiric Draining              Necromancy                   3
   d - Regeneration                   Charms/Necromancy            3
   e - Animate Dead                   Necromancy                   4
   f - Control Undead                 Necromancy                   4
 x - a book of Maledictions

   Spells                             Type                      Level
   a - Corona                         Hexes                        1
   b - Ensorcelled Hibernation        Hexes/Ice                    2
   c - Confuse                        Hexes                        3
   d - Tukima's Dance                 Hexes                        3
   e - Dazzling Spray                 Conjuration/Hexes            3
Comestibles
 b - 7 royal jellies
 f - 5 bread rations
 D - a meat ration
 L - 4 fruits


   Skills:
 + Level 6.2 Fighting
 * Level 8.3 Staves
 - Level 1.7 Throwing
 + Level 5.9 Armour
 + Level 5.2 Dodging


You had 8 spell levels left.
You didn't know any spells.

Dungeon Overview and Level Annotations

Branches:
Dungeon (8/15)             Temple (1/1) D:5
   Lair: D:8-11

Altars:
Ashenzari
Dithmenos
Elyvilon
Fedhas
Gozag
Hepliaklqana
Kikubaaqudgha
Makhleb
Nemelex Xobeh
Okawaru
Qazlal
Ru
Sif Muna
Trog
Uskayaw
Vehumet
Xom
Yredelemnul
Zin
The Shining One

Shops:
D:5 *   D:6 (

Annotations:
D:8 baroncrow's ghost, novice DECj


Innate Abilities, Weirdness & Mutations

You are resistant to torment.
Your stone body is resilient. (AC +5)
You are immune to poison.
You resist negative energy. (rN+)
You are resistant to electric shocks. (rElec)
You can survive without breathing.
You are immune to petrification.
You are immune to rotting.


Message History

The kobold throws a stone.
The stone barely misses you.
You closely miss baroncrow's ghost.
Baroncrow's ghost is severely damaged.
You block baroncrow's ghost's attack.
The kobold throws a stone.
The stone hits you but does no damage.
You miss baroncrow's ghost.
Baroncrow's ghost is severely damaged.
Baroncrow's ghost points at you and mumbles some strange words.
The orb of energy hits you!
* * * LOW HITPOINT WARNING * * *
The orb of energy explodes!
The kobold throws a stone.
The stone hits you but does no damage.
You hear a shout!
Baroncrow's ghost casts a spell at you. The lance of force hits you!
* * * LOW HITPOINT WARNING * * *
You stop ascending the stairs.
You are knocked back by the lance of force.
You slam into the rock wall!
You die...

.. ##.. #... .#.
####..# .....# #.
#..#.## #.#
..#.@# #.. #..#.#
#..###.#<#####...
#...##.#W....K...
#......(..####K..
#......#.## .#
##.....##..#
...###.......##.#
##.....##.##/##..


You could see baroncrow's ghost.

Vanquished Creatures
  The ghost of cerealjynx the Cleaver, a novice SpWn (D:7)
  Sigmund (D:6)
  Duvessa (D:6)
  A sky beast (D:5)
  A black bear (D:5)
  2 ogres
  6 bullfrogs
  Dowan (D:6)
  A scorpion (D:6)
  3 killer bees (D:7)
  A howler monkey (D:6)
  2 crimson imps
  3 bullfrog zombies
  3 hounds
  2 orc wizards
  5 worker ants
  Terence (D:2)
  A hound zombie (D:5)
  13 gnolls
  8 adders
  An ooze (D:2)
  An adder zombie (D:6)
  An adder skeleton (D:7)
  A dart slug (D:1)
  2 leopard geckos
  10 orcs
  8 bats
  2 giant cockroaches
  9 hobgoblins
  11 jackals
  7 kobolds
  4 quokkas
  7 frilled lizards
  7 goblins
  A jackal skeleton (D:6)
  8 rats
137 creatures vanquished.

Vanquished Creatures (others)
  A kobold (D:8)
1 creature vanquished.

Grand Total: 138 creatures vanquished

Notes
Turn   | Place    | Note
-------+----------+-------------------------------------------
     0 | D:1      | qqqbard the Gargoyle Gladiator began the quest for the Orb.
     0 | D:1      | Reached XP level 1. HP: 12/12 MP: 1/1
   190 | D:1      | Reached XP level 2. HP: 15/17 MP: 2/2
   194 | D:1      | Reached skill level 1 in Armour
   487 | D:1      | Reached XP level 3. HP: 14/21 MP: 3/3
   674 | D:2      | Reached XP level 4. HP: 10/27 MP: 4/4
   908 | D:2      | Noticed Terence
   919 | D:2      | Killed Terence
   919 | D:2      | Reached skill level 4 in Staves
  1251 | D:2      | Reached XP level 5. HP: 30/32 MP: 5/5
  1321 | D:2      | Found a glowing golden altar of the Shining One.
  2274 | D:4      | Reached XP level 6. HP: 34/37 MP: 6/6
  2789 | D:4      | Found a deep blue altar of Sif Muna.
  2819 | D:4      | Reached skill level 5 in Staves
  2836 | D:5      | Entered Level 5 of the Dungeon
  2845 | D:5      | Noticed a black bear
  2854 | D:5      | Killed a black bear
  2854 | D:5      | Reached XP level 7. HP: 39/43 MP: 7/7
  3002 | D:5      | Found a sacrificial altar of Ru.
  3040 | D:5      | Found a staircase to the Ecumenical Temple.
  3060 | Temple   | Entered the Ecumenical Temple
  3356 | D:5      | Found a glowing silver altar of Zin.
  3378 | D:5      | Found a shadowy altar of Dithmenos.
  3391 | D:5      | Found a radiant altar of Vehumet.
  3405 | D:5      | Found Gozag's Platinum Reserve.
  3433 | D:5      | Found an opulent altar of Gozag.
  3547 | D:5      | Found a hazy altar of Hepliaklqana.
  3720 | D:5      | Found a basalt altar of Yredelemnul.
  3720 | D:5      | Found a burning altar of Makhleb.
  3830 | D:5      | Reached skill level 6 in Staves
  4139 | D:5      | Reached XP level 8. HP: 48/48 MP: 8/8
  4389 | D:6      | Noticed Dowan
  4391 | D:6      | Noticed Duvessa
  4410 | D:6      | Killed Duvessa
  4424 | D:6      | Killed Dowan
  4487 | D:6      | Got a twitching steel amulet
  4552 | D:6      | Reached skill level 5 in Fighting
  4564 | D:6      | Noticed Sigmund
  4582 | D:6      | Killed Sigmund
  4582 | D:6      | Reached skill level 7 in Staves
  4681 | D:6      | Reached skill level 5 in Armour
  4829 | D:6      | Found Pueh's Weapon Shop.
  4867 | D:6      | Found a sparkling altar of Nemelex Xobeh.
  5187 | D:7      | Reached XP level 9. HP: 51/55 MP: 9/9
  5245 | D:7      | Reached skill level 5 in Dodging
  5259 | D:7      | Noticed cerealjynx's ghost (novice SpWn)
  5272 | D:7      | Killed cerealjynx's ghost
  5272 | D:7      | Reached skill level 8 in Staves
  5711 | D:7      | Found a bloodstained altar of Trog.
  5820 | D:8      | Found an iron altar of Okawaru.
  5823 | D:8      | Noticed baroncrow's ghost (novice DECj)
  5998 | D:7      | Upgraded the game from 0.21-a0-150-gc243083 to 0.21-a0-153-g78480df
  6014 | D:8      | Became a worshipper of Warmaster Okawaru
  6313 | D:8      | HP: 2/55 [baroncrow's ghost/lance of force (7)]
  6313 | D:8      | Collided with a rock wall

Vault maps used:
D:1:      dpeg_arrival_connections, minmay_cut_off
D:2:      tso_metal_star, first_bread, uniq_terence
D:4:      led_sif_pool
D:5:      lemuel_coloured_pillars_altar, nicolae_gozag_zags_fifth_avenue,
          nicolae_overflow_quartered_altars, gammafunk_temple_overflow_wave,
          minmay_temple_entry_grid
D:6:      basic_altar, serial_shops, shop, zaba_anthole, uniq_sigmund,
          uniq_duvessa
D:7:      bloody_trog
D:8:      okawaru_gym_becter, marbit_many_paths, hangedman_ranch
Temple:   compressed_dpeg_triangle_lava_temple

Skill      XL: |  1  2  3  4  5  6  7  8  9 |
---------------+----------------------------+-----
Armour         | 1 2 3 4 5 |  5.9
Staves         | 4 5 6 7 8 |  8.3
Fighting       | 3 4 5 6 |  6.2
Dodging        | 3 4 5 |  5.2
Throwing       | |  1.7

Action                   |  1- 3 |  4- 6 |  7- 9 || total
-------------------------+-------+-------+-------++-------
Melee: Quarterstaff      |   116 |   207 |   329 ||   652
  Use: Scroll            |       |    10 |       ||    10
  Eat: Chunk             |       |     7 |     9 ||    16
Armor: Leather armour    |    14 |       |       ||    14
       Plate armour      |   132 |   186 |   230 ||   548
Dodge: Dodged            |    83 |    89 |   165 ||   337
Block: Other             |       |     1 |    42 ||    43
       Reflection        |       |       |     1 ||     1
